 Dungeon Crawl Stone Soup version 0.18-a0-1405-g73f4075 (webtiles) character file.

872 Tomstefer the Carver (level 7, 0/91 HPs)
             Began as a Minotaur Gladiator on Feb 24, 2016.
             Was an Initiate of Okawaru.
             Slain by an orc warrior
             ... wielding a +0 battleaxe
              (13 damage)
             ... on level 4 of the Dungeon.
             The game lasted 00:10:05 (4698 turns).

Tomstefer the Carver (Minotaur Gladiator)           Turns: 4698, Time: 00:10:05

Health: 0/91       AC:  9    Str: 26    XL:     7   Next: 74%
Magic:  6/6        EV:  9    Int:  5    God:    Okawaru [......]
Gold:   58         SH:  0    Dex: 11    Spells: 0 memorised, 6 levels left

rFire  . . .     SeeInvis .     c - +7 falchion of Fiepamuisch {freeze, rC+}
rCold  + . .     Gourm    .     b - +0 chain mail
rNeg   . . .     Faith    .     (no shield)
rPois  +         Spirit   .     j - +1 hat
rElec  .         Dismiss  .     (no cloak)
rCorr  .         Reflect  .     (no gloves)
SustAt .         Harm     .     (no boots)
MR     .....                    F - amulet of rage
Stlth  ..........               (no ring)
                                k - ring of poison resistance

@: berserking, lethally poisoned (0 -> -2), very quick, not resistant to hostile
enchantments, extremely unstealthy
A: retaliatory headbutt, horns 2
a: Renounce Religion, Evoke Berserk Rage


You were on level 4 of the Dungeon.
You worshipped Okawaru.
Okawaru was noncommittal.
You were not hungry.

You visited 1 branch of the dungeon, and saw 5 of its levels.

You collected 233 gold pieces.
You spent 175 gold pieces at shops.

Inventory:

Hand Weapons
 c - the +7 falchion of Fiepamuisch (weapon) {freeze, rC+}
   (You found it on level 4 of the Dungeon)

   It has been specially enchanted to freeze those struck by it, causing extra
   injury to most foes and up to half again as much damage against particularly
   susceptible opponents.
   It can also slow down cold-blooded creatures.
   It protects you from cold.
 C - a +1 falchion of electrocution
Missiles
 d - 3 throwing nets (quivered)
Armour
 b - a +0 chain mail (worn)
 j - a +1 hat (worn)
Jewellery
 k - a ring of poison resistance (left hand)
 B - an uncursed amulet of dismissal
 F - an amulet of rage (around neck)
Wands
 G - a wand of lightning (10/15)
Scrolls
 h - 4 scrolls of remove curse
 i - 4 scrolls of magic mapping {unknown}
 m - 2 scrolls of enchant weapon {unknown}
 q - 2 scrolls of immolation {unknown}
 s - a scroll of random uselessness {unknown}
 w - 3 scrolls of recharging {unknown}
 x - a scroll of blinking {unknown}
 y - a scroll of fear {unknown}
 E - a scroll of identify
Potions
 e - a potion of agility
 g - 2 potions of berserk rage {unknown}
 l - 4 potions of cancellation
 o - a potion of magic
 p - a potion of lignification {unknown}
 r - 2 potions of haste {unknown}
 t - a potion of curing {unknown}
 z - a potion of brilliance {unknown}
 A - a potion of might {unknown}
Books
 u - a book of Necromancy

   Spells                             Type                      Level
   a - Pain                           Necromancy                   1
   b - Animate Skeleton               Necromancy                   1
   c - Vampiric Draining              Necromancy                   3
   d - Regeneration                   Charms/Necromancy            3
   e - Animate Dead                   Necromancy                   4
   f - Control Undead                 Necromancy                   4
Comestibles
 a - 4 chunks of flesh
 f - 3 bread rations
 n - 4 meat rations
 v - a beef jerky
 D - 2 fruits


   Skills:
 + Level 5.2 Fighting
 * Level 10.1 Long Blades
 - Level 2.0 Throwing
 - Level 3.2 Dodging


You had 6 spell levels left.
You didn't know any spells.

Dungeon Overview and Level Annotations

Branches:
Dungeon (5/15)
 Temple: D:4-7

Altars:
Cheibriados
Dithmenos
Elyvilon
Fedhas
Gozag
Okawaru
Vehumet

Shops:
D:4 *


Innate Abilities, Weirdness & Mutations

You reflexively headbutt those who attack you in melee.
You have a pair of horns on your head.


Message History

There is a stone staircase leading down here.
You hit the orc. You freeze the orc.
The orc is almost dead.
You feel sick. The orc hits you but does no damage.
The orc warrior hits you with a battleaxe!!
* * * LOW HITPOINT WARNING * * *
The worker ant bites you but does no damage.
You slash the orc! You freeze the orc.
You kill the orc!
Okawaru accepts your kill. The orc closely misses you.
The worker ant bites you.
* * * LOW HITPOINT WARNING * * *
You feel sick. The worker ant barely misses you.
You see here an orc skeleton.
Evoke which item? (* to show all) (? for menu, Esc to quit)
Okay, then.
A red film seems to cover your vision as you go berserk!
You feel yourself moving faster!
You feel mighty!
The orc warrior hits you with a battleaxe!
You die...

#...#.).).#...#.#####.#
#...............# #.####
#.#...###...##..#####.....
#......#...........#####.#
#.##))..........##.# #.#
#.##)###.(####.###.# #.#
###.##.# #.o# #.# #.# #.#
#...##.# #ao# #.# #.# #รท#
#.####)# #.@## #.# #.# #.#
#.#
#.###...###.###.#####.#
#.#
#.....#..)..........[.#
######.#
#####...#######.#######
.......########.(## #.#
..###............# #.#
#................# #.#
######.#########.# #.# #.#
#.# #.#


You could see an orc warrior, a worker ant and an orc.

Vanquished Creatures
  The ghost of Tomstefer the Ruffian, an amateur DrTm (D:4)
  2 ogres (D:4)
  The ghost of Tomstefer the Changer, a weakling DrTm (D:3)
  A howler monkey (D:5)
  A crimson imp (D:5)
  2 orc priests (D:5)
  An orc wizard (D:4)
  4 iguanas
  A worker ant (D:4)
  A hound zombie (D:4)
  7 adders
  3 worms
  3 dart slugs
  A giant gecko (D:3)
  12 orcs
  5 bats
  2 giant cockroaches
  10 goblins
  4 hobgoblins
  3 jackals (D:3)
  3 quokkas
  2 ball pythons
  A giant gecko skeleton (D:4)
  3 giant newts
  A jackal skeleton (D:4)
  8 kobolds
  11 rats
94 creatures vanquished.

Notes
Turn   | Place    | Note
--------------------------------------------------------------
     0 | D:1      | Tomstefer the Minotaur Gladiator began the quest for the Orb.
     0 | D:1      | Reached XP level 1. HP: 18/18 MP: 0/0
    34 | D:1      | Reached skill level 4 in Long Blades
   120 | D:1      | Reached XP level 2. HP: 25/25 MP: 1/1
   816 | D:2      | Reached skill level 5 in Long Blades
   842 | D:2      | Reached XP level 3. HP: 18/30 MP: 2/2
  1427 | D:2      | Reached skill level 6 in Long Blades
  1427 | D:2      | Reached XP level 4. HP: 27/37 MP: 3/3
  1834 | D:3      | Noticed Tomstefer's ghost (weakling DrTm)
  1843 | D:3      | Killed Tomstefer's ghost
  1852 | D:3      | Reached skill level 7 in Long Blades
  1852 | D:3      | Reached XP level 5. HP: 32/42 MP: 4/4
  2662 | D:3      | Found a snail-covered altar of Cheibriados.
  2747 | D:3      | Found an opulent altar of Gozag.
  2747 | D:3      | Found a radiant altar of Vehumet.
  2817 | D:4      | Noticed Tomstefer's ghost (amateur DrTm)
  2832 | D:4      | Killed Tomstefer's ghost
  2832 | D:4      | Reached skill level 8 in Long Blades
  2832 | D:4      | Reached XP level 6. HP: 21/51 MP: 5/5
  3384 | D:4      | Reached skill level 9 in Long Blades
  3384 | D:4      | Reached XP level 7. HP: 6/59 MP: 6/6
  3682 | D:4      | Found Viyclu's Assorted Antiques.
  3689 | D:4      | Bought a runed hat for 100 gold pieces
  3689 | D:4      | Bought a glowing falchion for 75 gold pieces
  3726 | D:4      | Found a shadowy altar of Dithmenos.
  3773 | D:4      | Found an iron altar of Okawaru.
  3798 | D:4      | Got a bloodstained falchion
  3808 | D:4      | Became a worshipper of Warmaster Okawaru
  3809 | D:4      | Identified the +7 falchion of Fiepamuisch {freeze, rC+} (You found it on level 4 of the Dungeon)
  3924 | D:4      | Found a blossoming altar of Fedhas.
  4027 | D:5      | Entered Level 5 of the Dungeon
  4055 | D:5      | Reached skill level 5 in Fighting
  4300 | D:5      | Found a white marble altar of Elyvilon.
  4383 | D:5      | Reached skill level 10 in Long Blades
  4698 | D:4      | Slain by an orc warrior

Vault maps used:
D:1:      grunt_arrival_crossed_arrows
D:2:      kennysheep_the_goblin_king, minmay_misc_feat_columns
D:3:      gammafunk_temple_overflow_elements, old_standard_altar, first_bread
D:4:      lemuel_crystal_altar, okawaru_ov_weapons_minmay, serial_shops, shop,
          fedhas_altar_1
D:5:      overflow_temple_1_default, temple_hall, uniq_crazy_yiuf_cottage

Skill      XL: |  1  2  3  4  5  6  7 |
---------------+----------------------+-----
Long Blades    | 4 5 6 7 8 9 10 | 10.1
Fighting       | 3 4 5 |  5.2
Throwing       | |  2.0
Dodging        | |  3.2

Action                   |  1- 3 |  4- 6 |  7- 9 || total
-------------------------+-------+-------+-------++-------
Melee: Long sword        |    91 |    95 |     3 ||   189
       Falchion          |       |       |    59 ||    59
 Abil: Evoke Berserk Rag |       |       |     1 ||     1
  Use: Scroll            |       |     6 |       ||     6
       Potion            |       |     2 |       ||     2
  Eat: Chunk             |     2 |     6 |     4 ||    12
